 Dungeon Crawl Stone Soup version 0.32-a0-705-g60f233581c (webtiles) character file.

Game seed: 6328462590509164067

38 BeKind the Chiller (level 3, 0/21 HPs)
             Began as an Octopode Ice Elementalist on Mar 14, 2024.
             Slain by a gnoll
             ... wielding a +0 spear
              (6 damage)
             ... on level 2 of the Dungeon.
             The game lasted 00:01:45 (1134 turns).

BeKind the Chiller (Octopode Ice Elementalist)      Turns: 1134, Time: 00:01:46

Health: 0/21       AC:  1    Str:  7    XL:     3   Next: 43%
Magic:  4/6        EV: 12    Int: 19    God:
Gold:   89         SH:  0    Dex: 12    Spells: 3/6 levels left

rFire   . . .        d - +0 spear
rCold   . . .        (no shield)
rNeg    . . .        (helmet restricted)
rPois   .            (no amulet)
rElec   .            (no ring)
rCorr   .            (no ring)
SInv    .            (no ring)
Will    .....        (no ring)
Stlth   +++          (no ring)
HPRegen 0.23/turn    (no ring)
MPRegen 0.10/turn    (no ring)
                     (no ring)

%: no passive effects
@: no status effects
A: almost no armour, amphibious, 8 rings, camouflage 1, gelatinous body 1,
(nimble swimmer 1), tentacles
a: no special abilities


You were on level 2 of the Dungeon.
You visited 1 branch of the dungeon, and saw 2 of its levels.

You collected 89 gold pieces.

Inventory:

Hand Weapons
 d - a +0 spear (weapon)
Jewellery
 i - a ring of wizardry
Scrolls
 b - a scroll of brand weapon {unknown}
 c - a scroll of revelation {unknown}
 e - a scroll of noise {unknown}
 f - a scroll of amnesia {unknown}
 g - a scroll of enchant weapon {unknown}
 j - a scroll of immolation {unknown}
 k - a scroll of identify {unknown}
Potions
 a - a potion of magic
 h - 2 potions of mutation {unknown}
 l - a potion of curing {unknown}


   Skills:
 + Level 2.5 Dodging
 - Level 3.0 Stealth
 + Level 2.3 Spellcasting
 * Level 1.0 Summonings
 + Level 4.3 Ice Magic


You had 3 spell levels left.
You knew the following spells:

 Your Spells              Type           Power      Damage    Failure   Level
a - Freeze                Ice            72%        1d8       2%          1
b - Call Imp              Summ           12%        N/A       16%         2

Your spell library contained the following spells:

 Spells                   Type           Power      Damage    Failure   Level
 Frozen Ramparts          Ice            36%        1d6       9%          3
 Ozocubu's Armour         Ice            18%        N/A       9%          3
 Magic Dart               Conj           8%         1d3       16%         1
 Summon Ice Beast         Ice/Summ       12%        N/A       16%         3
 Blink                    Tloc           4%         N/A       24%         2
 Sublimation of Blood     Necr           2%         N/A       24%         2
 Olgreb's Toxic Radiance  Alch           2%         N/A       85%         4
 Ozocubu's Refrigeration  Ice            9%         4d9       100%        7
 Summon Hydra             Summ           3%         N/A       100%        7
 Discord                  Hex            1%         N/A       100%        8


Dungeon Overview and Level Annotations

Branches:
Dungeon (2/15)

Altars:


Innate Abilities, Weirdness & Mutations

You cannot wear most types of armour.
You are amphibious.
You can wear up to eight rings at the same time.
Your skin changes colour to match your surroundings (Stealth+).
Your rubbery body absorbs attacks. (AC +1, EV +1)
((You are camouflaged when in or above water. (Stealth+)))
You have tentacles for arms and can constrict up to eight enemies at once.


Message History

The gnoll closely misses your cerulean imp.
Your cerulean imp completely misses the gnoll.
The gnoll closely misses your cerulean imp.
You reach to attack!
You hit the gnoll.
You kill the gnoll!
Your cerulean imp hits the gnoll but does no damage.
Your cerulean imp barely misses the gnoll.
Your Summonings skill increases to level 1!
You could not reach far enough!
The gnoll closely misses you.
Your cerulean imp hits the gnoll but does no damage.
You could not reach far enough!
The gnoll hits you from afar with a +0 spear!
Your cerulean imp hits the gnoll with a -4 spear.
You reach to attack!
You hit the gnoll.
The gnoll is lightly wounded.
The gnoll barely misses you.
Your cerulean imp closely misses the gnoll.
You reach to attack!
You closely miss the gnoll.
The gnoll is lightly wounded.
The gnoll barely misses you.
Your cerulean imp hits the gnoll but does no damage.
The gnoll barely misses you.
You reach to attack!
You closely miss the gnoll.
The gnoll is lightly wounded.
Your cerulean imp closely misses the gnoll.
The gnoll barely misses you.
Reach: d) +0 spear
Press: ? - help, Dir - move target, f/p - gnoll
Aim: a gnoll, wielding a +0 spear (lightly wounded, ally target, about 37% to evade your +0 spear)
You could not reach far enough!
Your cerulean imp barely misses the gnoll.
The gnoll hits you from afar with a +0 spear!
* * * LOW HITPOINT WARNING * * *
Reach: d) +0 spear
Press: ? - help, Dir - move target, f/p - gnoll
Aim: a gnoll, wielding a +0 spear (lightly wounded, ally target, about 37% to evade your +0 spear)
You could not reach far enough!
Your cerulean imp hits the gnoll with a -4 spear.
The gnoll hits you from afar with a +0 spear.
You die...

>######.####.##.....
#.# #.###.#.# #.#
#.# #.... # #.# #.#
####.
#.######.####.# #>
#..!.......$..# #.
####.########## #.
#.# #. #@# #. #5# #.
#g# #. #g# .. #g.
#.# #.# #.#


You could see 3 gnolls and a friendly cerulean imp (summoned).

Vanquished Creatures
  A gnoll (D:2)
  A dart slug (D:1)
  An endoplasm (D:1)
  A giant cockroach (D:1)
  3 goblins
  4 hobgoblins (D:1)
  2 kobolds
  A quokka (D:1)
  5 ball pythons
  A bat (D:1)
  2 frilled lizards (D:1)
  4 rats (D:1)
26 creatures vanquished.

Notes
Turn   | Place    | Note
-------+----------+-------------------------------------------
     0 | D:1      | BeKind the Octopode Ice Elementalist began the quest for
                  | the Orb.
     0 | D:1      | Reached XP level 1. HP: 11/11 MP: 3/3
   343 | D:1      | Reached XP level 2. HP: 17/17 MP: 5/5
   590 | D:1      | Learned a level 2 spell: Call Imp
   794 | D:1      | Reached XP level 3. HP: 21/21 MP: 6/6
  1128 | D:2      | Reached skill level 1 in Summonings
  1134 | D:2      | Slain by a gnoll

Illustrated notes

Levels and vault maps discovered:
D:1:      minmay_arrival_stone_box, layout_basic, grunt_decor_fettered,
          due_unseen_surprise
D:2:      layout_loops_ring, basic_altar, mrwooster_statue_mirror,
          minmay_goblin_kobold_house

Skill      XL: |  1  2  3 |
---------------+----------+-----
Stealth        | 3 |  3.0
Summonings     | 1 |  1.0
Dodging        | |  2.5
Spellcasting   | |  2.3
Ice Magic      | |  4.3

Action                     || total
---------------------------++-------
  Melee: Spear             ||    50
         Constrict         ||    11
         Unarmed           ||     2
         Tentacles         ||     6
   Cast: Freeze            ||     2
         Call Imp          ||     3
   Stab: Sleeping          ||    10
         Distracted        ||     1
 Armour: Skin              ||    10
  Dodge: Dodged            ||    19

Table legend: (Time is in decaauts)
 A = Elapsed time spent in this place.
 B = Non-inter-level travel time spent in this place.
 C = Inter-level travel time spent in this place.
 D = Time resting spent in this place.
 E = Time spent auto-exploring this place.
 F = Levels seen in this place.
 G = Mean time per level.
                   A        B        C        D        E       F      G
               +--------+--------+--------+--------+--------+-----+--------+
         Total |   1138 |   1102 |     36 |      0 |    909 |   2 |  569.0 |
       Dungeon |   1138 |   1102 |     36 |      0 |    909 |   2 |  569.0 |
               +--------+--------+--------+--------+--------+-----+--------+

Top non-repeatable levels by time:
     D:1: 932 daAuts
     D:2: 205 daAuts
